 Dungeon Crawl Stone Soup version 0.28-a0-1447-ga5a8893891 (webtiles) character file.

Game seed: 9523604450737164271

35 riojii the Grasshopper (level 3, -2/30 HPs)
             Began as a Draconian Warper on Jan 11, 2022.
             Succumbed to an adder's poison
             ... on level 3 of the Dungeon.
             The game lasted 00:02:49 (2628 turns).

riojii the Grasshopper (Draconian Warper)           Turns: 2628, Time: 00:02:49

Health: -2/30      AC:  5    Str: 15    XL:     3   Next: 17%
Magic:  6/6        EV: 12    Int: 13    God:
Gold:   133        SH:  0    Dex: 10    Spells: 6/6 levels left

rFire   . . .      SeeInvis .   a - +0 hand axe
rCold   . . .      Faith    .   (no shield)
rNeg    . . .      Spirit   .   (armour unavailable)
rPois   .          Reflect  .   (helmet restricted)
rElec   .          Harm     .   (no cloak)
rCorr   .          Rampage  .   (no gloves)
Will    .....                   (no boots)
Stlth   +.........              (no amulet)
HPRegen 0.10/turn               (no ring)
MPRegen 0.10/turn               (no ring)

@: lethally poisoned (-2 -> -10)
A: AC +5, unfitting armour, cold-blooded
a: no special abilities


You were on level 3 of the Dungeon.
You visited 1 branch of the dungeon, and saw 3 of its levels.

You collected 133 gold pieces.

Inventory:

Hand Weapons
 a - a +0 hand axe (weapon)
Missiles
 c - 5 boomerangs of dispersal (quivered)
Jewellery
 k - a ring of willpower
Scrolls
 b - 2 scrolls of blinking
 f - a scroll of teleportation
 i - a scroll of amnesia
Potions
 d - a potion of ambrosia
 e - a potion of degeneration {unknown}
 j - a potion of lignification {unknown}


   Skills:
 + Level 2.6 Fighting
 * Level 2.7 Axes
 - Level 0.8 Throwing
 + Level 2.4 Dodging
 - Level 2.0 Spellcasting
 + Level 3.2 Translocations


You had 6 spell levels left.
You didn't know any spells.
Your spell library contained the following spells:

 Spells                   Type           Power      Damage    Failure   Level
 Apportation              Tloc           18%        N/A       7%          1
 Blink                    Tloc           18%        N/A       10%         2
 Gell's Gravitas          Tloc           9%         N/A       21%         3
 Lesser Beckoning         Tloc           9%         N/A       21%         3
 Teleport Other           Tloc           9%         N/A       21%         3
 Corpse Rot               Necr/Air       2%         N/A       36%         2
 Poisonous Vapours        Pois/Air       2%         N/A       36%         2
 Manifold Assault         Tloc           9%         N/A       88%         5
 Alistair's Intoxication  Tmut/Pois      0%         N/A       100%        5


Dungeon Overview and Level Annotations

Branches:
Dungeon (3/15)

Altars:


Innate Abilities, Weirdness & Mutations

Your plain brown scales are hard. (AC +5)
You cannot fit into any form of body armour.
You are cold-blooded and may be slowed by cold attacks.


Message History

You hit the orc wizard. You hit the orc.
The orc wizard gestures wildly while chanting.
The orc wizard flickers and vanishes!
Deactivating autopickup; reactivate with Ctrl-A.
The orc closely misses you.
You hit the orc.
You kill the orc!
You miss something. Something hits you. The adder bites you.
You barely miss the adder. You miss something. The adder barely misses you.
You hear some strange, mumbled words.
You are confused.
You bump into the rock wall.
The adder barely misses you. Something hits you but does no damage.
The adder bites you.
You miss the adder.
Your tail-slap misses the adder.
You miss something.
You hear some strange, mumbled words.
Something tries to affect you, but you resist.
The adder bites you but does no damage.
You're too confused to move!
The adder closely misses you. Something hits you but does no damage.
You bump into the rock wall.
The adder closely misses you. Something hits you. The adder closely misses you.
You closely miss the adder. You barely miss something.
You hear some strange, mumbled words.
A magic dart appears from out of thin air!
The magic dart hits you. The adder bites you.
You are poisoned.
The adder poisons you!
You bump into the rock wall.
You feel sick. The adder bites you.
You are lethally poisoned!
The adder poisons you! Something hits you.
* * * LOW HITPOINT WARNING * * *
You feel less confused.
* * * LOW HITPOINT WARNING * * *
You feel sick. The adder bites you but does no damage. Something hits you.
* * * LOW HITPOINT WARNING * * *
The adder barely misses you.
Things that are here:
a +0 dagger; an orc corpse You closely miss the adder.
You barely miss something.
You die...

### #.####.#.#
#.#......#
#.#.##.###
#.#.##.# ### ###
#.#.##.# #.. ...
#......# #.# #.###
###.#### #.##.....
#.########.#.....#
#........{@Sr.....
##########.###.###
#.# #.. ####


You could see an adder and a rat.

Vanquished Creatures
  2 orcs (D:3)
  An endoplasm (D:2)
  5 hobgoblins
  8 kobolds
  2 ball pythons (D:1)
  5 bats
  5 frilled lizards
  2 goblins
  4 rats
34 creatures vanquished.

Vanquished Creatures (others)
  15 plants (D:2)
15 creatures vanquished.

Grand Total: 49 creatures vanquished

Notes
Turn   | Place    | Note
-------+----------+-------------------------------------------
     0 | D:1      | riojii the Draconian Warper began the quest for the Orb.
     0 | D:1      | Reached XP level 1. HP: 17/17 MP: 3/3
   459 | D:1      | Reached XP level 2. HP: 25/25 MP: 5/5
  1160 | D:2      | Found a faded altar of an unknown god.
  2037 | D:2      | Reached XP level 3. HP: 9/30 MP: 6/6
  2627 | D:3      | HP: 1/30 [something (4)]
  2628 | D:3      | Succumbed to an adder's poison

Illustrated notes

Levels and vault maps discovered:
D:1:      evilmike_arrival_rings, layout_basic, minmay_split_cup_small
D:2:      layout_basic, nicolae_ecumenical_pavilion, lexackson_kobold_supper
D:3:      layout_loops_corners

Action                   || total
-------------------------++-------
Melee: Hand axe          ||   108
       Tailslap          ||     8
       Punch             ||     1
  Use: Scroll            ||     5
 Stab: Sleeping          ||     1
Armor: Skin              ||    53
Dodge: Dodged            ||    95

Table legend: (Time is in decaauts)
 A = Elapsed time spent in this place.
 B = Non-inter-level travel time spent in this place.
 C = Inter-level travel time spent in this place.
 D = Time resting spent in this place.
 E = Time spent auto-exploring this place.
 F = Levels seen in this place.
 G = Mean time per level.
                   A        B        C        D        E       F      G
               +--------+--------+--------+--------+--------+-----+--------+
         Total |   2647 |   2600 |     47 |     22 |   2291 |   3 |  882.3 |
       Dungeon |   2647 |   2600 |     47 |     22 |   2291 |   3 |  882.3 |
               +--------+--------+--------+--------+--------+-----+--------+

Top non-repeatable levels by time:
     D:2: 1410 daAuts
     D:1: 1167 daAuts
     D:3: 69 daAuts
